Map: Orbital Shipyard

Players

LilDicky

  • Race: Terran Terran
  • League: Diamond

Affliction - Winner!

  • Race: Terran Terran
  • League: Diamond

VOD

http://www.twitch.tv/tumescentpie

Description

Time

  • Played on: Dec. 20, 2015, 3:48 p.m.
  • Length: 10:16
Show
View Real Time Build Order
Export as new Build Order

LilDicky Terran 

Build Orders: MMM Bio 

Get SALT Encoding   

  12  0:03  SCV  
  13  0:15  SCV  
  13  0:20  Supply Depot  
  14  0:28  SCV  
  15  0:42  SCV  
  16  0:46  Barracks  
  16  0:54  SCV  
  17  1:12  Command Center  
  17  1:14  SCV  
  18  1:26  SCV  
  19  1:35  Supply Depot  
  19  1:36  Marine  
  20  1:40  Orbital Command  
  20  1:47  Refinery  
  20  1:57  Refinery  
  20  2:00  Marine  
  21  2:11  SCV  
  22  2:19  Marine  
  23  2:23  SCV  
  23  2:24  Orbital Command  
  24  2:35  SCV  
  25  2:39  Marine  
  25  2:53  SCV  
  25  2:55  SCV  
  25  2:56  Factory, Marine  
  28  3:05  SCV  
  28  3:07  SCV  
  28  3:08  Supply Depot  
  30  3:14  Marine  
  31  3:32  Marine  
  32  3:35  SCV  
  32  3:36  SCV  
  34  3:45  Command Center  
  30  3:50  Marine  
  30  3:53  Factory Tech Lab  
  28  4:08  Marine  
  28  4:09  SCV  
  30  4:11  Starport  
  30  4:12  SCV  
  31  4:21  SCV, Siege Tank, Barracks  
  31  4:23  Barracks  
  35  4:24  SCV, Barracks  
  35  4:25  Barracks  
  35  4:27  Marine  
  36  4:44  Marine  
  37  4:47  SCV  
  37  4:51  Starport Tech Lab  
  37  4:56  Engineering Bay  
  37  4:57  Siege Tank  
  37  4:59  Orbital Command  
  36  5:02  Marine  
  35  5:10  Raven  
  35  5:18  SCV x2  
  35  5:20  Marine  
  35  5:25  Marine  
  33  5:30  SCV  
  34  5:37  Barracks Tech Lab, Missile Turret  
  34  5:38  Barracks Tech Lab  
  34  5:45  Orbital Command  
  30  5:52  Marine x2  
  30  6:10  Marine x2  
  32  6:13  Stimpack  
  32  6:25  Missile Turret  
  31  6:31  Marine x3  
  33  6:33  SCV  
  33  6:39  SCV  
  35  6:50  SCV  
  35  6:54  Marine x3  
  36  6:58  Cloaking Field  
  39  7:01  SCV  
  39  7:07  Missile Turret  
  39  7:08  SCV x2  
  42  7:13  SCV  
  43  7:20  Banshee, SCV  
  43  7:21  Marine x3  
  50  7:24  Marine  
  32  7:38  Marine  
  32  7:39  SCV, Marine  
  33  7:49  Missile Turret  
  29  7:52  SCV, Marine x2  
  29  7:53  Marine  
  29  7:54  Combat Shields  
  29  7:56  Marine x2  
  29  8:01  SCV  
  30  8:06  SCV  
  30  8:10  Marine x2  
  30  8:11  Marine  
  33  8:14  Marine x2  
  33  8:28  Marine x3  
  33  8:32  Marine x2  
  34  8:37  SCV x2  
  37  8:46  Marine x2  
  38  8:52  SCV  
  38  8:55  Missile Turret  
  38  9:01  Marine x2  
  37  9:03  SCV  
  37  9:09  Starport Reactor  
  38  9:11  SCV x2  
  40  9:17  Marine  
  41  9:26  Marine x2  
  44  9:32  Siege Tank  
  44  9:36  SCV x3  
  49  9:41  Marine  
  49  9:42  Marine  
  51  9:49  SCV  
  51  9:50  SCV  
  51  9:51  SCV  
Show
View Real Time Build Order
Export as new Build Order

Affliction Terran - Winner!

Build Orders: 1/1/1, Banshee Rush 

Get SALT Encoding   

  12  0:01  SCV  
  13  0:13  SCV  
  14  0:17  Supply Depot  
  14  0:23  Refinery  
  14  0:28  SCV  
  15  0:40  SCV  
  16  0:45  Barracks  
  16  0:52  SCV  
  17  1:04  SCV  
  17  1:08  Refinery  
  18  1:16  SCV  
  19  1:32  Supply Depot  
  19  1:33  Barracks Tech Lab  
  19  1:34  Reaper  
  19  1:36  Orbital Command  
  20  1:45  Factory  
  20  2:01  SCV  
  20  2:06  Reaper  
  22  2:14  SCV  
  23  2:18  Supply Depot  
  23  2:26  SCV  
  23  2:29  Starport  
  24  2:38  SCV  
  25  2:50  Hellion  
  27  2:52  SCV, Barracks Tech Lab  
  28  3:05  SCV  
  28  3:25  Banshee  
  31  3:28  Cloaking Field  
  31  3:33  Command Center  
  31  3:35  Hellion  
  32  4:06  Factory Tech Lab  
  32  4:07  Banshee  
  33  4:12  SCV  
  33  4:14  Engineering Bay  
  33  4:15  Barracks Tech Lab  
  33  4:16  Supply Depot  
  34  4:20  Barracks  
  34  4:24  SCV  
  35  4:35  Siege Tank, Marine  
  35  4:37  SCV  
  40  4:53  Marine  
  41  5:00  Banshee  
  44  5:08  Barracks  
  44  5:11  Marine  
  46  5:21  Barracks Reactor  
  46  5:23  Siege Tank  
  48  5:29  Marine  
  49  5:39  SCV  
  49  5:40  Barracks  
  49  5:41  Orbital Command  
  49  5:42  Barracks  
  50  5:43  Banshee  
  50  5:46  Marine  
  54  5:55  Siege Tank  
  57  5:59  Barracks Reactor, Marine  
  57  6:00  Marine  
  57  6:03  Stimpack  
  59  6:04  Marine  
  59  6:05  Refinery  
  59  6:07  SCV  
  59  6:22  Marine x2  
  61  6:26  Barracks  
  61  6:28  Siege Tank  
  61  6:34  Supply Depot  
  61  6:35  Terran Infantry Weapons Level 1, Supply Depot  
  61  6:37  Marine  
  61  6:39  Supply Depot x2  
  62  6:40  Barracks Reactor  
  62  6:55  Marine  
  62  6:56  SCV x2, Marine  
  62  7:00  Marine x2  
  68  7:06  Factory  
  68  7:08  SCV, Marine x2  
  70  7:09  SCV  
  70  7:12  Starport Reactor  
  69  7:44  Marine x3  
  69  7:45  Marine x2  
  69  7:46  Barracks Reactor  
  69  7:47  Siege Tank  
  69  7:50  SCV x2  
  79  8:01  Marine x2  
  79  8:02  SCV, Siege Tank, Marine  
  86  8:07  Command Center, Refinery  
  86  8:08  SCV  
  87  8:13  Marine x3  
  87  8:14  SCV  
  91  8:20  SCV  
  91  8:27  SCV  
  90  8:32  SCV  
  91  8:36  Marine x3  
  94  8:48  Marine x2  
  94  8:54  Supply Depot  
  94  8:55  Medivac x2  
  97  8:57  Supply Depot  
  97  9:03  SCV x2  
  97  9:07  Marine x3  
  97  9:08  Marine x2  
  104  9:22  Orbital Command  
  104  9:27  Marine x2  
  103  9:34  Medivac  
  103  9:36  SCV  
  106  9:39  SCV  
  107  9:47  Marine x5  
  107  9:51  SCV  
  113  9:53  SCV x2  
Tags
 
Add a new tag
Caveats
  • Supply blocks, unpowered buildings, or Contaminate may cause inaccurate times.
  • Supply counts are checked every 10 seconds.